 Dungeon Crawl Stone Soup version 0.17-a0-562-gfd539b1 (webtiles) character file.

25305 Radiman the Executioner (level 13, 0/95 HPs)
             Began as a Hill Orc Berserker on Apr 14, 2015.
             Was the Champion of Trog.
             Slain by a 12-headed hydra (2 damage)
             ... on level 2 of the Lair of Beasts.
             The game lasted 01:00:30 (14346 turns).

Radiman the Executioner (Hill Orc Berserker)       Turns: 14346, Time: 01:00:30

Health: 0/95       AC: 22    Str: 25    XL:     13   Next: 18%
Magic:  4/4        EV:  8    Int:  3    God:    Trog [******]
Gold:   673        SH:  0    Dex: 18    Spells: 0 memorised, 12 levels left

rFire  . . .     SeeInvis .     J - +5 battleaxe (antimagic)
rCold  . . .     Clarity  .     N - +0 plate armour
rNeg   . . .     SustAb   .     (no shield)
rPois  +         Gourm    .     r - +0 helmet
rElec  .         Spirit   .     H - +0 cloak
rCorr  .         Warding  .     g - +3 pair of gloves of the Eagle {Int-4 Dex+8}
rMut   .         Stasis   .     b - +0 pair of boots
MR     .....                    (no amulet)
Stlth  ..........               O - ring of poison resistance
                                n - +3 ring of slaying

@: about to teleport, not resistant to hostile enchantments, extremely
unstealthy
A: no striking features
a: Burn Spellbooks, Berserk, Trog's Hand, Brothers in Arms, Renounce Religion


You were on level 2 of the Lair of Beasts.
You worshipped Trog.
Trog was exalted by your worship.
You were very hungry.

You visited 2 branches of the dungeon, and saw 11 of its levels.
You also visited: Labyrinth, Sewer and Ice Cave.

You collected 872 gold pieces.
You spent 199 gold pieces at shops.

Inventory:

Hand weapons
 J - a +5 antimagic battleaxe (weapon)
 Q - a +5 vampiric executioner's axe
Armour
 b - a +0 pair of boots (worn)
 g - the +3 pair of gloves of the Eagle (worn) {Int-4 Dex+8}
   (You bought it in a shop on level 7 of the Dungeon)

   It affects your intelligence (-4).
   It affects your dexterity (+8).
 r - a +0 helmet (worn)
 H - a +0 cloak (worn)
 N - a +0 plate armour (worn)
Jewellery
 n - a +3 ring of slaying (left hand)
 K - an uncursed ring of teleportation
 O - a ring of poison resistance (right hand)
 R - an uncursed ring of ice
Magical devices
 G - a wand of draining (6)
 Z - a wand of cold (8)
Scrolls
 a - a scroll of magic mapping
 j - 2 scrolls of teleportation
 o - a scroll of acquirement {unknown}
 p - 5 scrolls of random uselessness {unknown}
 I - 2 scrolls of fear
 P - a scroll of immolation {unknown}
Potions
 d - 3 potions of heal wounds
 e - 2 potions of cancellation
 f - 3 potions of might
 i - a potion of beneficial mutation {unknown}
 k - a potion of mutation {unknown}
 l - a potion of lignification {unknown}
 m - 4 potions of restore abilities
 s - 3 potions of ambrosia
 t - 5 potions of haste
 v - 8 potions of curing
 z - a potion of cure mutation {unknown}
 E - a potion of resistance {unknown}
 F - 2 potions of brilliance {unknown}
 S - a potion of berserk rage {unknown}
 T - a potion of poison {unknown}
Comestibles
 c - 8 bread rations
 h - 4 meat rations
 q - 16 fruits
 u - a royal jelly
 B - 9 slices of pizza
 D - 3 beef jerkies


   Skills:
 - Level 3.6 Fighting
 * Level 23.5 Axes
 + Level 8.7 Armour
 - Level 1.5 Dodging


You had 12 spell levels left.
You didn't know any spells.

Dungeon Overview and Level Annotations

Branches:
Dungeon (9/15)             Temple (0/1) D:5            Lair (2/8) D:9
    Orc: D:9-12

Altars:
Ashenzari
Cheibriados
Gozag
Kikubaaqudgha
Qazlal
Vehumet
Yredelemnul
The Shining One

Shops:
D:5 *   D:7 [


Message History

You feel much better.
The 12-headed hydra bites you but does no damage. x2
The 12-headed hydra bites you.
* * * LOW HITPOINT WARNING * * *
The 12-headed hydra closely misses you.
The 12-headed hydra bites you but does no damage.
The 12-headed hydra bites you.
* * * LOW HITPOINT WARNING * * *
The 12-headed hydra bites you.
* * * LOW HITPOINT WARNING * * *
The 12-headed hydra bites you.
* * * LOW HITPOINT WARNING * * *
The 12-headed hydra bites you but does no damage. x3
The 12-headed hydra bites you!
* * * LOW HITPOINT WARNING * * *
As you read the scroll of teleportation, it crumbles to dust.
You feel strangely unstable.
The 12-headed hydra bites you but does no damage. x4
The 12-headed hydra closely misses you. The 12-headed hydra bites you.
You die...

####.................#..#.#....#.
...............................##
...............................#
...............................#
##################♣............#
###...'....##....#♣♣...........#
..#...#....##....#♣♣...........##
..#...#....##..D†#♣P...^......?P#
..#...#....# ##@#♣P♣♣..........#
#######''### #P.P♣♣ ♣♣........##
♣♣♣♣♣..♣ #...♣ ♣P♣.........#
♣♣......♣♣ ###P.P♣♣P♣♣........##
♣♣..♣...♣.♣♣♣.P...P.♣♣...........
♣..♣♣♣..♣♣♣#PP.....PP♣♣........##
..♣..♣.♣..♣#P.......P♣♣........##
.♣♣.♣.♣♣♣..#.P..⌠..P.♣♣.........#
.♣.♣♣...♣♣.#P.......P♣.........##


You could see a 12-headed hydra.

Vanquished Creatures
  A frost giant (IceCv)
  A minotaur (Lab)
  Fannar (Lair:1)
  A hydra (Lair:2)
  3 death yaks (IceCv)
  An ice statue (IceCv)
  The ghost of Baka the Skirmisher, an experienced GrFi (D:6)
  The ghost of Radiman the Cleaver, an experienced HOBe of Trog (D:5)
  A spiny frog (Lair:2)
  A fire drake (D:9)
  15 polar bears (IceCv)
  11 blink frogs
  A basilisk (Lair:1)
  A human (D:7)
  4 hippogriffs
  26 yaks
  24 wolves
  A hungry ghost (D:8)
  7 water moccasins
  A porcupine (Lair:1)
  5 ice beasts
  Purgy (Sewer)
  A black bear (Lair:2)
  3 centaurs
  2 orc warriors
  3 sky beasts
  4 ogres
  The ghost of Baka the Shield-Bearer, an average GrFi (D:3)
  8 crocodiles
  4 giant frogs
  4 scorpions
  15 killer bees
  A quasit (D:8)
  A goliath beetle (D:8)
  2 jellies
  4 lava snakes (Lab)
  5 crimson imps
  A centaur zombie (D:7)
  3 orc priests
  2 hounds
  Ijyb (D:2)
  Jessica (D:2)
  A centaur skeleton (D:6)
  9 orc wizards
  A statue (D:9)
  8 worker ants
  12 sheep
  5 iguanas
  A hound skeleton (D:9)
  2 worker ant zombies
  Robin (D:3)
  15 river rats (Lair:1)
  2 shadow imps
  17 adders
  2 adder zombies
  2 worms
  An adder skeleton (D:8)
  6 giant geckos
  30 orcs
  17 bats
  6 giant cockroaches
  2 gnoll zombies (D:8)
  20 goblins
  20 hobgoblins
  18 jackals
  9 kobolds
  4 quokkas
  4 ball pythons
  A ball python skeleton (D:4)
  A giant gecko skeleton (D:5)
  A giant gecko zombie (D:5)
  3 giant newts
  A giant spore (D:8)
  A quokka skeleton (D:4)
  16 rats
  3 ballistomycetes (D:8)
  23 plants (Lair:2)
440 creatures vanquished.

Vanquished Creatures (others)
  A giant spore (D:8)
1 creature vanquished.

Grand Total: 441 creatures vanquished

Notes
Turn   | Place    | Note
--------------------------------------------------------------
     0 | D:1      | Radiman, the Hill Orc Berserker, began the quest for the Orb.
     0 | D:1      | Reached XP level 1. HP: 19/19 MP: 1/1
   225 | D:1      | Reached XP level 2. HP: 26/26 MP: 2/2
   389 | D:1      | Reached skill level 5 in Axes
   860 | D:2      | Noticed Ijyb
   867 | D:2      | Killed Ijyb
   867 | D:2      | Reached skill level 6 in Axes
   867 | D:2      | Reached XP level 3. HP: 31/31 MP: 3/3
   914 | D:2      | Noticed Jessica
   921 | D:2      | Reached XP level 4. HP: 31/39 MP: 4/4
   933 | D:2      | Killed Jessica
  1125 | D:2      | Found an opulent altar of Gozag.
  1252 | D:2      | Acquired Trog's second power
  1335 | D:2      | Found a glowing golden altar of the Shining One.
  1424 | D:2      | Reached skill level 7 in Axes
  1654 | D:3      | Noticed Robin
  1665 | D:3      | Killed Robin
  1665 | D:3      | Reached XP level 5. HP: 45/45 MP: 5/5
  1708 | D:3      | Found a glowing drain.
  1903 | Sewer    | Entered a sewer
  1934 | Sewer    | Noticed Purgy
  1948 | Sewer    | Killed Purgy
  1948 | Sewer    | Reached skill level 8 in Axes
  1948 | Sewer    | Reached XP level 6. HP: 51/51 MP: 6/6
  2087 | D:3      | Reached skill level 9 in Axes
  2635 | D:3      | Noticed Baka's ghost (average GrFi)
  2650 | D:3      | Killed Baka's ghost
  3253 | D:4      | Reached skill level 10 in Axes
  3253 | D:4      | Reached XP level 7. HP: 43/57 MP: 7/7
  3423 | D:4      | Acquired Trog's third power
  3872 | D:5      | Entered Level 5 of the Dungeon
  4209 | D:5      | Reached skill level 11 in Axes
  4631 | D:5      | Found a staircase to the Ecumenical Temple.
  4777 | D:5      | Noticed Radiman's ghost (experienced HOBe)
  4794 | D:5      | Killed Radiman's ghost
  4794 | D:5      | Reached skill level 12 in Axes
  4794 | D:5      | Reached XP level 8. HP: 64/64 MP: 8/8
  5084 | D:5      | Found Hoakoad's General Store.
  5126 | D:6      | Noticed Baka's ghost (experienced GrFi)
  5138 | D:6      | Reached skill level 13 in Axes
  5142 | D:6      | Killed Baka's ghost
  5142 | D:6      | Reached skill level 14 in Axes
  5205 | D:6      | Reached XP level 9. HP: 65/70 MP: 9/9
  5396 | D:6      | Reached skill level 15 in Axes
  5632 | D:6      | Found a shattered altar of Ashenzari.
  5851 | D:7      | Reached skill level 16 in Axes
  6371 | D:7      | Received a gift from Trog
  6729 | D:7      | Found Gagowk's Antique Armour Shop.
  6736 | D:7      | Bought a pair of ichor-stained gloves for 199 gold pieces
  6762 | D:7      | Reached skill level 17 in Axes
  6762 | D:7      | Reached XP level 10. HP: 62/77 MP: 3/10
  6890 | D:7      | Identified the +3 pair of gloves of the Eagle {Int-4 Dex+8} (You bought it in a shop on level 7 of the Dungeon)
  7063 | D:8      | Found a stormy altar of Qazlal.
  7149 | D:8      | Found an ancient bone altar of Kikubaaqudgha.
  7197 | D:8      | Found a snail-covered altar of Cheibriados.
  7709 | D:8      | Found a basalt altar of Yredelemnul.
  8062 | D:9      | Found a staircase to the Lair.
  8068 | D:9      | Reached skill level 18 in Axes
  8573 | D:9      | Received a gift from Trog
  8860 | D:9      | Found a radiant altar of Vehumet.
  9167 | Lair:1   | Entered Level 1 of the Lair of Beasts
  9195 | Lair:1   | Reached skill level 19 in Axes
  9230 | Lair:1   | Found a labyrinth entrance.
  9326 | Lab      | Entered a labyrinth
 10528 | Lab      | Noticed a minotaur
 10537 | Lab      | Killed a minotaur
 10537 | Lab      | Reached XP level 11. HP: 82/82 MP: 3/11
 10690 | Lair:1   | Reached skill level 20 in Axes
 10690 | Lair:1   | Received a gift from Trog
 11161 | Lair:1   | Noticed Fannar
 11182 | Lair:1   | Killed Fannar
 11639 | Lair:2   | Found a frozen archway.
 11645 | IceCv    | Entered an ice cave
 11724 | IceCv    | Reached skill level 21 in Axes
 11863 | IceCv    | Noticed a death yak
 11876 | IceCv    | Killed a death yak
 11876 | IceCv    | Received a gift from Trog
 12105 | IceCv    | Reached XP level 12. HP: 86/90 MP: 4/12
 12217 | IceCv    | Reached skill level 5 in Armour
 12327 | IceCv    | Noticed an ice statue
 12338 | IceCv    | Received a gift from Trog
 12341 | IceCv    | Reached skill level 22 in Axes
 12353 | IceCv    | Got an ichor-stained longbow {god gift}
 12447 | IceCv    | Killed an ice statue
 12480 | IceCv    | Noticed a death yak
 12495 | IceCv    | Killed a death yak
 12576 | IceCv    | Noticed a frost giant
 12576 | IceCv    | Noticed a death yak
 12588 | IceCv    | Killed a death yak
 12603 | IceCv    | Killed a frost giant
 12951 | Lair:2   | Reached skill level 23 in Axes
 13099 | Lair:2   | Reached XP level 13. HP: 92/95 MP: 4/13
 14338 | Lair:2   | Noticed a seven-headed hydra
 14345 | Lair:2   | HP: 2/95 [12-headed hydra (11)]
 14346 | Lair:2   | Slain by a 12-headed hydra

Action                   |  1- 3 |  4- 6 |  7- 9 | 10-12 | 13-15 || total
-------------------------+-------+-------+-------+-------+-------++-------
Melee: Hand axe          |    65 |   193 |       |       |       ||   258
       War axe           |       |    36 |   357 |       |       ||   393
       Battleaxe         |       |       |    13 |   488 |   164 ||   665
Invok: Berserk           |     1 |     3 |     3 |     2 |     1 ||    10
       Burn Spellbooks   |       |       |     1 |     3 |       ||     4
  Use: Scroll            |       |     9 |     3 |     5 |     4 ||    21
       Potion            |       |       |       |       |     1 ||     1
 Stab: Fleeing           |       |       |       |     1 |     1 ||     2
  Eat: Chunk             |     1 |     7 |    11 |    20 |     4 ||    43
       Meat ration       |       |     1 |       |       |       ||     1
       Pizza             |       |       |     1 |       |       ||     1
       Fruit             |       |       |       |     3 |       ||     3
